 Dungeon Crawl Stone Soup version 0.17.0-23-g0de4337 (webtiles) character file.

145052 ketsa the Executioner (level 16, -2/151 HPs)
             Began as a Minotaur Berserker on Nov 12, 2015.
             Was the Champion of Trog.
             Killed from afar by a necromancer (20 damage)
             ... with a bolt of cold
             ... on level 15 of the Dungeon on Nov 13, 2015.
             The game lasted 01:40:17 (33143 turns).

ketsa the Executioner (Minotaur Berserker)         Turns: 33143, Time: 01:40:17

Health: -2/151     AC: 25    Str: 28    XL:     16   Next: 86%
Magic:  21/21      EV:  9    Int:  4    God:    Trog [******]
Gold:   2561       SH:  0    Dex: 11    Spells: 0 memorised, 15 levels left

rFire  + . .     SeeInvis .     M - +5 executioner's axe (distort)
rCold  . . .     Clarity  .     R - +2 plate armour {rC+}
rNeg   . . .     SustAt   .     (shield currently unavailable)
rPois  .         Gourm    .     (helmet restricted)
rElec  .         Spirit   .     B - +1 cloak {+Inv}
rCorr  .         Warding  .     i - +0 pair of gloves
rMut   .         Stasis   .     f - +0 pair of boots
MR     ++++.                    (no amulet)
Stlth  ..........               K - ring of protection from magic
                                a - ring of fire

@: very slightly contaminated, regenerating, incredibly resistant to hostile
enchantments, extremely unstealthy
A: retaliatory headbutt, horns 2
a: Berserk, Trog's Hand, Brothers in Arms, Burn Spellbooks, Renounce Religion,
Evoke Invisibility


You were on level 15 of the Dungeon.
You worshipped Trog.
Trog was exalted by your worship.
You were not hungry.

You visited 8 branches of the dungeon, and saw 32 of its levels.
You also visited: Ossuary, Bailey and Volcano.

You collected 2860 gold pieces.
You spent 299 gold pieces at shops.

Inventory:

Hand Weapons
 b - the +9 executioner's axe "Killer Bee's Doom" {flame, Int+3 SInv}
   (Trog gifted it to you on level 8 of the Lair of Beasts)

   It has been specially enchanted to burn those struck by it, causing extra
   injury to most foes and up to half again as much damage against particularly
   susceptible opponents.
   Big, fiery blades are also staple armaments of hydra-hunters.
   It affects your intelligence (+3).
   It lets you see invisible.
 H - a +4 battleaxe of flaming
 M - a +5 executioner's axe of distortion (weapon)
 P - a +3 antimagic battleaxe
 W - a +4 antimagic battleaxe
Missiles
 C - 20 javelins (quivered)
Armour
 f - a +0 pair of boots (worn)
 i - a +0 pair of gloves (worn)
 B - a +1 cloak of invisibility (worn)
 F - a +4 scale mail of fire resistance
 R - a +2 plate armour of cold resistance (worn)
 Y - a +0 plate armour
Jewellery
 a - a ring of fire (left hand)
 s - an uncursed ring of teleportation
 y - an uncursed amulet of the gourmand
 z - an uncursed amulet of stasis {unknown}
 K - a ring of protection from magic (right hand)
 T - an uncursed ring of flight
Wands
 e - a wand of paralysis (4)
 q - a wand of polymorph (4)
 w - a wand of magic darts (28)
 N - a wand of paralysis (7)
 U - a wand of slowing (12)
 V - a wand of teleportation (4)
 Z - a wand of fire (6)
Scrolls
 k - a scroll of recharging {unknown}
 n - 11 scrolls of remove curse
 r - 9 scrolls of teleportation
 v - 7 scrolls of enchant armour
 x - 2 scrolls of fear
 I - a scroll of fog
 J - 3 scrolls of blinking
 O - 3 scrolls of enchant weapon
 X - a scroll of identify
Potions
 h - 8 potions of heal wounds
 l - 3 potions of cancellation
 m - 2 potions of agility
 o - 3 potions of might
 p - 4 potions of ambrosia
 t - 4 potions of flight
 u - a potion of resistance
 A - 7 potions of haste
 D - 3 potions of lignification
 G - 7 potions of curing
 L - a potion of beneficial mutation {unknown}
Miscellaneous
 g - a phial of floods
 S - a phial of floods
Comestibles
 c - 13 bread rations
 d - 9 meat rations
 j - a chunk of flesh
 E - 12 fruits
 Q - 4 slices of pizza


   Skills:
 + Level 16.2 Fighting
 + Level 21.8 Axes
 + Level 3.0 Throwing
 + Level 15.7 Armour
 - Level 2.1 Dodging
 - Level 8.0 Evocations


You had 15 spell levels left.
You didn't know any spells.

Dungeon Overview and Level Annotations

Branches:
Dungeon (15/15)            Temple (1/1) D:5            Lair (8/8) D:8
 Shoals (1/4) Lair:4       Spider (1/4) Lair:4        Slime (1/6) Lair:6
    Orc (4/4) D:10            Elf (1/3) Orc:3        Vaults (0/5) D:13
 Depths (0/5) D:15

Altars:
Ashenzari
Cheibriados
Dithmenos
Elyvilon
Fedhas
Gozag
Kikubaaqudgha
Makhleb
Nemelex Xobeh
Okawaru
Qazlal
Ru
Sif Muna
Trog
Xom
Yredelemnul
Zin
The Shining One
Beogh

Shops:
D:10 *   D:13 %   Orc:4 ?:*(=

Annotations:
D:8 exclusion: downstairs
Lair:4 exclusion: downstairs


Innate Abilities, Weirdness & Mutations

You reflexively headbutt those who attack you in melee.
You have a pair of horns on your head.


Message History

The necromancer points at you and mumbles some strange words.
The bolt of cold hits you!
* * * LOW HITPOINT WARNING * * *
The centaur warrior shoots an arrow of frost.
The arrow of frost hits you!
* * * LOW HITPOINT WARNING * * *
The arrow of frost freezes you.
* * * LOW HITPOINT WARNING * * *
The troll misses you. You furiously retaliate!
You headbutt the troll! The troll closely misses you. x2
A vampire mosquito comes into view.
Read which item? (? for menu, Esc to quit)
Blink to where?
Press: ? - help, Dir - move target cursor You are very lightly contaminated with residual magic.
As you read the scroll of blinking, it crumbles to dust.
The vampire mosquito buzzes angrily.
The necromancer casts a spell at you. The bolt of cold hits you!
You die...

............... # # .
........P..P... #. #. .
#...:.....P.... ...##. .
#.....Cp)...... ....[.##.
......)ยง....... . ......)
......T<....... ....#....
..........#####.# %......<.
..........#.....#.......(..
..........@.........#......
.........###..........##...
....y..... ........ #...
##........ ...... ####
.........# .... .. .. . .


You could see a cyclops, a necromancer, a troll and a vampire mosquito.

Vanquished Creatures
  An orc warlord (Bailey)
  Nessos (Lair:8)
  Snorg (Lair:4)
  An ettin (Orc:4)
  2 vault guards (D:13)
  Josephine (Orc:4)
  3 slime creatures
  A rakshasa (D:13)
  10 hydras
  3 catoblepae (Lair:8)
  4 centaur warriors
  An ogre mage (Volcano)
  26 death yaks
  A queen ant (Lair:8)
  Urug (Orc:3)
  Nergalle (Lair:4)
  A fire crab (Lair:8)
  2 wizards (D:13)
  A skeletal warrior (D:15)
  The ghost of asdu the Cleaver, a novice VSBe of Trog (D:10)
  Pikel (D:7)
  3 hill giants
  A manticore (D:14)
  2 orc knights
  A lindwurm (Lair:8)
  2 necromancers (D:13)
  3 griffons
  The ghost of inmateoo the Gouger, a novice FeTm of Makhleb (D:13)
  8 orc sorcerers (Orc:4)
  3 elephants (Lair:8)
  A cyclops (D:13)
  Maurice (Orc:2)
  5 black mambas
  A gargoyle (D:13)
  4 centaur zombies
  17 spiny frogs
  2 kobold demonologists
  8 komodo dragons
  4 fire drakes
  5 trolls
  2 polar bears
  Grinder (D:6)
  3 two-headed ogres
  Prince Ribbit (D:7)
  9 blink frogs
  A boulder beetle (Lair:8)
  A deep elf mage (D:15)
  A centaur simulacrum (D:14)
  2 shadows
  57 yaks
  A spriggan (Lair:5)
  3 wyverns
  8 basilisks
  A hog (D:7)
  4 wraiths
  15 hippogriffs
  9 wolves
  6 vampire mosquitoes
  17 humans
  2 hungry ghosts
  Edmund (D:4)
  4 soldier ants
  8 wargs
  28 orc warriors
  21 water moccasins
  A necrophage (D:10)
  20 porcupines
  2 ice beasts
  3 phantoms
  A wasp (Lair:5)
  2 slaves (D:6)
  7 sky beasts
  A black bear (D:12)
  5 ogres
  8 centaurs
  Blork the orc (Orc:4)
  An elf zombie (Ossuary)
  13 giant frogs
  18 crocodiles
  2 wyvern skeletons
  5 killer bees (D:13)
  4 scorpions
  An electric eel (Lair:5)
  5 crimson imps
  2 jellies
  A quasit (D:11)
  A giant frog zombie (D:9)
  2 giant frog skeletons
  Crazy Yiuf (D:7)
  12 orc priests
  11 iguanas
  48 orc wizards
  3 centaur skeletons
  7 hounds
  5 hell rats (Lair:6)
  Natasha (thrice) (D:2)
  39 worker ants
  21 sheep
  2 big kobold zombies (Ossuary)
  2 hound zombies
  2 mummies (Ossuary)
  Robin (D:2)
  12 adders
  15 gnolls
  4 shadow imps
  57 river rats
  2 oozes (D:4)
  2 adder zombies (Ossuary)
  210 orcs
  9 bats
  5 giant cockroaches
  23 hobgoblins
  12 kobolds
  5 quokkas
  2 ball pythons
  A ball python skeleton (D:5)
  A giant cockroach zombie (D:6)
  8 giant geckos
  A giant gecko zombie (D:7)
  9 giant newts
  28 goblins
  2 goblin zombies
  11 hobgoblin zombies (Ossuary)
  10 jackals
  A jackal skeleton (D:4)
  2 jackal zombies (Ossuary)
  10 kobold zombies (Ossuary)
  7 orc zombies (Ossuary)
  A quokka zombie (D:8)
  8 rats
  A rat zombie (Ossuary)
  10 fungi
  10 plants
1084 creatures vanquished.

Vanquished Creatures (collateral kills)
  Sonja (D:14)
  A hill giant (D:14)
  2 orc warriors (Bailey)
  A porcupine (Lair:7)
  A gnoll (Bailey)
  A goblin (Bailey)
7 creatures vanquished.

Vanquished Creatures (others)
  A necromancer (D:13)
  A manticore (D:13)
  A wyvern (D:15)
  A human (D:13)
  A vampire mosquito (D:14)
  A slave (D:7)
  2 orc warriors
  A centaur zombie (D:7)
  A crimson imp (D:7)
  An iguana (D:14)
  An orc wizard (Orc:4)
  2 sheep
  2 orcs
  24 fungi
  34 plants
74 creatures vanquished.

Grand Total: 1165 creatures vanquished

Notes
Turn   | Place    | Note
--------------------------------------------------------------
     0 | D:1      | ketsa the Minotaur Berserker began the quest for the Orb.
     0 | D:1      | Reached XP level 1. HP: 19/19 MP: 0/0
   132 | D:1      | Reached skill level 4 in Axes
   348 | D:1      | Reached XP level 2. HP: 25/27 MP: 1/1
   748 | D:1      | Reached XP level 3. HP: 23/33 MP: 2/2
  1202 | D:1      | Reached ** piety under Trog
  1346 | D:2      | Noticed Robin
  1436 | D:2      | Killed Robin
  1436 | D:2      | Reached skill level 5 in Axes
  1436 | D:2      | Reached XP level 4. HP: 30/41 MP: 3/3
  1663 | D:2      | Found a faded altar to an unknown god.
  1868 | D:2      | Noticed Natasha
  1880 | D:2      | Killed Natasha
  2018 | D:2      | Reached *** piety under Trog
  2033 | D:2      | Found a deep blue altar of Sif Muna.
  2158 | D:2      | Noticed Natasha
  2166 | D:2      | Killed Natasha
  2166 | D:2      | Reached XP level 5. HP: 12/47 MP: 4/4
  2525 | D:2      | Noticed Natasha
  2541 | D:2      | Killed Natasha
  2882 | D:3      | Found a white marble altar of Elyvilon.
  2896 | D:3      | Reached skill level 5 in Fighting
  3052 | D:3      | Reached skill level 6 in Axes
  3343 | D:4      | Found a glowing silver altar of Zin.
  3508 | D:4      | Reached XP level 6. HP: 56/56 MP: 5/5
  3523 | D:4      | Noticed a phantom
  3562 | D:4      | Killed a phantom
  4104 | D:4      | Reached skill level 7 in Axes
  4128 | D:4      | Found a white marble altar of Elyvilon.
  4312 | D:4      | Found a sparkling altar of Nemelex Xobeh.
  4469 | D:4      | Noticed Edmund
  4478 | D:4      | Killed Edmund
  4478 | D:4      | Reached **** piety under Trog
  4478 | D:4      | Reached skill level 5 in Armour
  4478 | D:4      | Reached XP level 7. HP: 63/63 MP: 6/6
  4618 | D:5      | Entered Level 5 of the Dungeon
  4798 | D:5      | Found a staircase to the Ecumenical Temple.
  4807 | Temple   | Entered the Ecumenical Temple
  4978 | D:5      | Reached skill level 8 in Axes
  5402 | D:6      | Noticed Grinder
  5541 | D:6      | Reached XP level 8. HP: 67/71 MP: 7/7
  5706 | D:6      | Reached skill level 9 in Axes
  5714 | D:6      | Reached ***** piety under Trog
  6179 | D:6      | Killed Grinder
  6507 | D:6      | Reached skill level 10 in Axes
  6777 | D:7      | Noticed Pikel
  6851 | D:7      | Noticed Prince Ribbit
  6851 | D:7      | Received a gift from Trog
  7035 | D:7      | Killed Prince Ribbit
  7035 | D:7      | Reached XP level 9. HP: 41/81 MP: 8/8
  7037 | D:7      | Killed Pikel
  7037 | D:7      | Reached skill level 11 in Axes
  7326 | D:7      | Found a shimmering altar of Xom.
  7326 | D:7      | Found a shimmering altar of Xom.
  7327 | D:7      | Found a shimmering altar of Xom.
  7327 | D:7      | Found a shimmering altar of Xom.
  7329 | D:7      | Found a shimmering altar of Xom.
  7591 | D:7      | Noticed Crazy Yiuf
  7598 | D:7      | Killed Crazy Yiuf
  7607 | D:7      | Got a slimy mace
  7608 | D:7      | Identified the +8 mace of Shrieking Terror {crush, *Corrode +Blink rPois SInv} (You found it on level 7 of the Dungeon)
  8197 | D:8      | Reached skill level 12 in Axes
  8273 | D:8      | Reached XP level 10. HP: 53/91 MP: 9/9
  8364 | D:8      | Found a sand-covered staircase.
  8401 | Ossuary  | Entered an ossuary
  8777 | D:8      | Found a staircase to the Lair.
  8882 | Lair:1   | Entered Level 1 of the Lair of Beasts
  9136 | D:8      | Reached skill level 13 in Axes
  9195 | D:8      | Found a bloodstained altar of Trog.
  9412 | D:8      | Reached skill level 10 in Fighting
  9995 | Lair:1   | Reached skill level 10 in Armour
  9995 | Lair:1   | Reached skill level 1 in Evocations
 10612 | Lair:1   | Reached XP level 11. HP: 97/101 MP: 11/11
 10618 | Lair:1   | Noticed a six-headed hydra
 10630 | Lair:1   | Killed a one-headed hydra
 10912 | Lair:1   | Found a glowing silver altar of Zin.
 10980 | Lair:1   | Reached skill level 14 in Axes
 11300 | Lair:2   | Noticed a five-headed hydra
 11308 | Lair:2   | Killed a three-headed hydra
 12672 | Lair:3   | Got a jewelled whip
 13299 | Lair:3   | Received a gift from Trog
 13385 | Lair:4   | Noticed Snorg
 13400 | Lair:4   | Killed Snorg
 13400 | Lair:4   | Reached skill level 5 in Evocations
 13484 | Lair:4   | Noticed a five-headed hydra
 13495 | Lair:4   | Killed a one-headed hydra
 13495 | Lair:4   | Reached XP level 12. HP: 60/112 MP: 14/14
 13725 | Lair:4   | Noticed Nergalle
 13738 | Lair:4   | Killed Nergalle
 13766 | Lair:4   | Reached skill level 15 in Axes
 14220 | Lair:4   | Found a staircase to the Shoals.
 14547 | Shoals:1 | Entered Level 1 of the Shoals
 14547 | Shoals:1 | Noticed a merfolk impaler
 14619 | Lair:4   | Found a hole to the Spider Nest.
 14631 | Spider:1 | Entered Level 1 of the Spider Nest
 17206 | Lair:5   | Noticed a four-headed hydra
 17237 | Lair:5   | Killed a one-headed hydra
 17375 | Lair:5   | Reached XP level 13. HP: 90/122 MP: 17/17
 18340 | D:9      | Received a gift from Trog
 18465 | D:10     | Entered Level 10 of the Dungeon
 18491 | D:10     | Noticed asdu's ghost (novice VSBe)
 18520 | D:10     | Reached skill level 16 in Axes
 18611 | D:10     | Killed asdu's ghost
 18646 | D:10     | Found a staircase to the Orcish Mines.
 18649 | Orc:1    | Entered Level 1 of the Orcish Mines
 19305 | Orc:2    | Noticed Maurice
 19321 | Orc:2    | Killed Maurice
 19788 | Orc:3    | Found a staircase to the Elven Halls.
 19821 | Orc:3    | Noticed Urug
 19835 | Orc:3    | Killed Urug
 20111 | Elf:1    | Entered Level 1 of the Elven Halls
 20653 | Orc:4    | Entered Level 4 of the Orcish Mines
 20676 | Orc:2    | Found a burning altar of Makhleb.
 20909 | Orc:1    | Received a gift from Trog
 21119 | D:10     | Found Oghoffere's Assorted Antiques.
 21159 | D:10     | Bought a large tourmaline ring for 110 gold pieces
 21159 | D:10     | Bought a bubbling clear potion for 19 gold pieces
 21384 | D:10     | Found a blossoming altar of Fedhas.
 23828 | Lair:6   | Noticed a five-headed hydra
 23842 | Lair:6   | Killed a one-headed hydra
 23847 | Lair:6   | Found a staircase to the Slime Pits.
 23860 | Slime:1  | Entered Level 1 of the Pits of Slime
 23860 | Slime:1  | Noticed an azure jelly
 24227 | Lair:6   | Reached skill level 17 in Axes
 24264 | Lair:6   | Received a gift from Trog
 25510 | Lair:7   | Reached XP level 14. HP: 126/133 MP: 19/19
 25984 | Lair:8   | Entered Level 8 of the Lair of Beasts
 26015 | Lair:8   | Noticed Nessos
 26016 | Lair:8   | Reached ****** piety under Trog
 26029 | Lair:8   | Killed Nessos
 26208 | Lair:8   | Found a dark tunnel.
 26260 | Volcano  | Entered a volcano
 26283 | Volcano  | Received a gift from Trog
 26381 | Volcano  | Reached skill level 15 in Fighting
 27245 | Lair:7   | Reached skill level 18 in Axes
 27637 | Lair:8   | Reached skill level 15 in Armour
 28867 | Lair:8   | Received a gift from Trog
 28879 | Lair:8   | Got a pitted executioner's axe {god gift}
 28880 | Lair:8   | Identified the +9 executioner's axe "Killer Bee's Doom" {flame, Int+3 SInv} (Trog gifted it to you on level 8 of the Lair of Beasts)
 28926 | Lair:8   | Reached XP level 15. HP: 72/144 MP: 20/20
 28968 | Lair:8   | Reached skill level 19 in Axes
 29714 | Orc:4    | Noticed Josephine
 29723 | Orc:4    | Killed Josephine
 29900 | Orc:4    | Found Latax's General Store.
 29907 | Orc:4    | Received a gift from Trog
 29929 | Orc:4    | Found Taymich's Weapon Emporium.
 30005 | Orc:4    | Found a roughly hewn altar of Beogh.
 30056 | Orc:4    | Found Kyeshraocs's Magic Scroll Boutique.
 30071 | Orc:4    | Found Moiplerch's Book Emporium.
 30088 | Orc:4    | Received a gift from Trog
 30132 | Orc:4    | Bought a scroll of identify for 22 gold pieces
 30132 | Orc:4    | Bought a scroll of fog for 22 gold pieces
 30132 | Orc:4    | Bought a scroll of identify for 22 gold pieces
 30132 | Orc:4    | Bought a scroll of blinking for 82 gold pieces
 30132 | Orc:4    | Bought a scroll of identify for 22 gold pieces
 30501 | Orc:4    | Reached skill level 20 in Axes
 30525 | Orc:4    | Noticed Blork the orc
 30529 | Orc:4    | Killed Blork the orc
 30561 | Orc:4    | Found Xunwoff's Jewellery Shop.
 31130 | D:13     | Noticed inmateoo's ghost (novice FeTm)
 31136 | D:13     | Killed inmateoo's ghost
 31168 | D:13     | Found a gate to the Vaults.
 31223 | D:13     | Received a gift from Trog
 31511 | D:13     | Found a flagged portal.
 31532 | Bailey   | Entered a bailey
 31536 | Bailey   | Upgraded the game from 0.17.0-22-g5edae84 to 0.17.0-23-g0de4337
 31728 | Bailey   | Received a gift from Trog
 31869 | Bailey   | Identified the +9 whip of Honear {venom, MP+9} (You found it on level 3 of the Lair of Beasts)
 31889 | Bailey   | Reached skill level 21 in Axes
 31889 | Bailey   | Reached XP level 16. HP: 112/151 MP: 21/21
 32160 | D:13     | Found Hotuilie's Food Emporium.
 32270 | D:13     | Reached skill level 1 in Throwing
 32857 | D:14     | Noticed Sonja
 32877 | D:14     | Killed Sonja
 33110 | D:15     | Entered Level 15 of the Dungeon
 33132 | D:15     | Found a staircase to the Depths.
 33138 | D:15     | Received a gift from Trog
 33143 | D:15     | Killed from afar by a necromancer

Action                   |  1- 3 |  4- 6 |  7- 9 | 10-12 | 13-15 | 16-18 || total
-------------------------+-------+-------+-------+-------+-------+-------++-------
Melee: Hand axe          |    94 |   170 |   196 |       |       |       ||   460
       War axe           |       |       |   110 |   666 |    35 |       ||   811
       Unarmed           |       |       |     6 |       |       |       ||     6
       Battleaxe         |       |       |       |       |   760 |       ||   760
       Executioner's axe |       |       |       |       |   328 |   105 ||   433
Throw: Javelin           |       |     1 |     5 |     5 |     1 |     2 ||    14
Invok: Berserk           |     2 |     3 |     4 |     4 |     5 |       ||    18
       Trog's Hand       |       |     1 |     2 |     4 |     2 |     2 ||    11
       Brothers in Arms  |       |       |       |       |     2 |     1 ||     3
  Use: Scroll            |     4 |     3 |     6 |     9 |    17 |     1 ||    40
       Potion            |       |       |     1 |       |     3 |     1 ||     5
  Eat: Chunk             |     2 |    12 |    15 |    22 |    46 |     2 ||    99
       Pizza             |     1 |       |     1 |     1 |     2 |       ||     5
       Fruit             |       |       |     3 |     9 |     4 |       ||    16
       Beef jerky        |       |       |     1 |       |     2 |       ||     3
       Royal jelly       |       |       |       |     1 |       |       ||     1
